 Dungeon Sprint DCSS version 0.30-a0-989-g0d87f670db (webtiles) character file.

Game seed: 835421710495605143

107 domi the Covert (level 4, 0/21 HPs)
             Began as a Vine Stalker Enchanter on Apr 2, 2023.
             Slain by Sigmund
             ... wielding a +0 scythe
              (5 damage)
             ... in the Dungeon (Sprint I: "Red Sonja").
             The game lasted 00:01:47 (137 turns).

domi the Covert (Vine Stalker Enchanter)             Turns: 137, Time: 00:01:47

Health: 0/21       AC:  2    Str: 10    XL:     4   Next: 86%
Magic:  0/8        EV: 12    Int: 17    God:
Gold:   54         SH:  0    Dex: 15    Spells: 2/7 levels left

rFire   . . .      SeeInvis .    a - +1 dagger
rCold   . . .      Faith    .    (no shield)
rNeg    . . .      Spirit   +    b - +0 robe
rPois   .          Reflect  .    (no helmet)
rElec   .          Rampage  .    (no cloak)
rCorr   .          NoTele   +    (no gloves)
Will    .....                    (no boots)
Stlth   ++++                     (no amulet)
HPRegen 1.03/turn                (no ring)
MPRegen 0.11/turn                (no ring)

@: invisible
A: fangs 2, regeneration 1, magic shield, antimagic bite, no potion heal 2
a: no special abilities


You were in the Dungeon.
You visited 1 branch You collected 54 gold pieces.

Inventory:

Hand Weapons
 a - a +1 dagger (weapon)
Armour
 b - a +0 robe (worn)
Wands
 g - a wand of charming (12)
   (You took it off Ijyb in the Dungeon)
Scrolls
 h - a scroll of blinking
Potions
 e - a potion of haste {@q3}


   Skills:
 - Level 0.8 Short Blades
 - Level 1.5 Dodging
 * Level 9.7 Stealth
 - Level 2.1 Spellcasting
 + Level 5.7 Hexes
 + Level 3.2 Ice Magic


You had 2 spell levels left.
You knew the following spells:

 Your Spells              Type           Power      Damage    Failure   Level
z - Ensorcelled Hibernat  Hex/Ice        34%        N/A       4%          2
Z - Confusing Touch       Hex            21%        N/A       5%          3

Your spell library contained the following spells:

 Spells                   Type           Power      Damage    Failure   Level
 Tukima's Dance           Hex            21%        N/A       5%          3
 Dazzling Flash           Conj/Hex       22%        N/A       19%         3


Dungeon Overview and Level Annotations

Branches:
Dungeon (1/1)

Altars:

Annotations:
D Sigmund


Innate Abilities, Weirdness & Mutations

You have extremely sharp teeth.
Your natural rate of healing is unusually fast.
When hurt, damage is shared between your health and your magic reserves.
Your bite disrupts and absorbs the magic of your enemies.
Potions cannot restore your health.


Message History

You feel less confused.
You start waiting.
You flicker for a moment.
You start waiting.
You flicker back into view.
You start waiting.
You feel yourself speed up.
You start waiting.
You recover from your berserk rage.
Unknown command.
Memorise Ensorcelled Hibernation, consuming 2 spell levels and leaving 4?
You start memorising the spell.
You continue memorising. x2
You finish memorising.
Spell assigned to 'z'.
This spell is extremely dangerous to cast!
Memorise Confusing Touch, consuming 3 spell levels and leaving 1?
You start memorising the spell.
You continue memorising. x3
You finish memorising.
Spell assigned to 'Z'.
Okay, then.
g - a wand of charming (12)
Things that are here:
a +0 club; a +0 ring mail; the goblin corpse of Ijyb You open the door.
An ogre comes into view. It is wielding a +0 giant club.
There is an open door here.
The ogre shouts!
The ogre misses you.
You barely miss the ogre. You bite the ogre. You drain its power.
The ogre hits you with a +0 giant club.
Aim: an ogre, wielding a +0 giant club (lightly wounded, chance to affect: 43%)
The ogre looks drowsy...
The helpless ogre fails to defend itself.
You impale the ogre!!
You kill the ogre!
Your Stealth skill gained 2 levels and is now at level 9!
Your Hexes skill increases to level 5!
Your Ice Magic skill gained 3 levels and is now at level 3!
You have reached level 4!
You feel agile.
You begin to heal more quickly.
You start resting.
You see here a +0 giant club.
You open the door.
There is an open door here.
You now have 27 gold pieces.
You now have 54 gold pieces (gained 27).
There is an open door here.
You open the door.
Sigmund the Dreaded comes into view.
He is wielding a +0 scythe.
Sigmund shouts!
Sigmund gestures at you while chanting. You resist with some effort.
There is an open door here.
Aim: Sigmund, wielding a +0 scythe and wearing a +0 robe (chance to affect: 59%) Sigmund resists with significant effort.
Sigmund gestures wildly while chanting.
Sigmund flickers and vanishes!
Deactivating autopickup; reactivate with Ctrl-A.
You hear some strange, mumbled words.
A puff of flame appears from out of thin air!
The puff of flame hits you!
Unknown command.
The spell is quite dangerous to miscast (5% risk of failure)!
Continue anyway?
Your hands begin to glow red.
Something hits you.
You completely miss something. You bite something. Something barely misses you.
You barely miss something. Your bite misses something.
You hit something but do no damage.
You hear some strange, mumbled words.
You are confused.
You bump into the stone wall.
You hear some strange, mumbled words.
You are more confused.
You closely miss something. Your bite misses something.
Something hits you but does no damage.
You bump into the rock wall.
Something hits you!
You miss something. Something hits you.
You bump into the rock wall.
Something hits you!
* * * LOW HITPOINT WARNING * * *
Unknown command.
You fade into invisibility!
Your hands stop glowing.
Magic courses through your body. Something hits you.
Your system rejects the healing.
You feel better. Something hits you!
* * * LOW HITPOINT WARNING * * *
Magic courses through your body.
Okay, then.
You barely miss something. You bite something. You drain its magic.
Something hits you.
* * * LOW HITPOINT WARNING * * *
You hit something. Your bite misses something. You barely miss something.
Something hits you!
* * * LOW HITPOINT WARNING * * *
You closely miss something. You bite something. You drain its magic.
You feel invigorated.
You barely miss something.
You swing at nothing.
Something hits you.
* * * LOW HITPOINT WARNING * * *
You swing at nothing.
You swing at nothing.
Something hits you.
You die...

#############
#<.#..'..#@.+
#..').#.)'..#
#..#####'####
#..# #..#
#..# ####
#..# #⌠⌠#
####


There were no monsters in sight!

Vanquished Creatures
  An ogre (D)
  Ijyb (D)
2 creatures vanquished.

Notes
Turn   | Place    | Note
-------+----------+-------------------------------------------
     0 | D        | domi the Vine Stalker Enchanter began the quest for the
                  | Orb.
     0 | D        | Reached XP level 1. HP: 9/9 MP: 4/4
     1 | D        | Noticed Ijyb
     7 | D        | Killed Ijyb
     8 | D        | Reached skill level 7 in Stealth
     8 | D        | Reached skill level 4 in Hexes
     8 | D        | Reached XP level 2. HP: 13/13 MP: 6/6
     8 | D        | Reached XP level 3. HP: 16/16 MP: 7/7
    45 | D        | Learned a level 2 spell: Ensorcelled Hibernation
    49 | D        | Learned a level 3 spell: Confusing Touch
    53 | D        | Noticed an ogre
    57 | D        | Killed an ogre
    58 | D        | Reached skill level 9 in Stealth
    58 | D        | Reached skill level 5 in Hexes
    58 | D        | Reached skill level 3 in Ice Magic
    58 | D        | Gained mutation: Your natural rate of healing is unusually
                  | fast. [Vine Stalker growth]
    58 | D        | Reached XP level 4. HP: 17/21 MP: 3/8
   110 | D        | Noticed Sigmund
   123 | D        | HP: 2/21 [something (9)]
   128 | D        | HP: 2/21 [something (1)]
   135 | D        | HP: 3/21 [something (1)]
   137 | D        | Slain by Sigmund

Illustrated notes

Levels and vault maps discovered:
D:        dungeon_sprint_1 [red_sonja_temple_1, red_sonja_temple_small_1]

Skill      XL: |  1  2  3 |
---------------+----------+-----
Stealth        | 7 9 |  9.7
Hexes          | 4 5 |  5.7
Ice Magic      | 3 |  3.2
Short Blades   | |  0.8
Dodging        | |  1.5
Spellcasting   | |  2.1

Action                     |  1- 3 |  4- 6 || total
---------------------------+-------+-------++-------
  Melee: Dagger            |     5 |    10 ||    15
         Bite              |     2 |     3 ||     5
   Cast: Ensorcelled Hiber |     1 |     1 ||     2
         Confusing Touch   |       |     1 ||     1
    Use: Potion            |     2 |     4 ||     6
   Stab: Sleeping          |     1 |       ||     1
 Armour: Robe              |       |     1 ||     1
  Dodge: Dodged            |     2 |     1 ||     3

Table legend: (Time is in decaauts)
 A = Elapsed time spent in this place.
 B = Non-inter-level travel time spent in this place.
 C = Inter-level travel time spent in this place.
 D = Time resting spent in this place.
 E = Time spent auto-exploring this place.
 F = Levels seen in this place.
 G = Mean time per level.
                   A        B        C        D        E       F      G
               +--------+--------+--------+--------+--------+-----+--------+
         Total |    144 |    144 |      0 |     86 |      0 |   1 |  144.0 |
       Dungeon |    144 |    144 |      0 |     86 |      0 |   1 |  144.0 |
               +--------+--------+--------+--------+--------+-----+--------+

Top non-repeatable levels by time:
       D: 144 daAuts

Table legend:
 A = Kills in this place as a percentage of kills in the entire game.
 B = Kills by you in this place as a percentage of kills by you in the entire game.
 C = Kills by friends in this place as a percentage of kills by friends in the entire game.
 D = Other kills in this place as a percentage of other kills in the entire game.
 E = Experience gained in this place as a percentage of experience gained in the entire game.
 F = Experience gained in this place divided by the number of levels of this place that you have seen.
                   A       B       C       D       E      F
               +-------+-------+-------+-------+-------+----------------------
         Total | 100.0 | 100.0 |   N/A |   N/A | 100.0 | 154.0
       Dungeon | 100.0 | 100.0 |   N/A |   N/A | 100.0 | 154.0
               +-------+-------+-------+-------+-------+----------------------
